 Dungeon Crawl Stone Soup version 0.24-a0-582-g4d4af81 (webtiles) character file.

Game seed: 11095500835395880101

7 DrEnzyme the Charmwright (level 1, 0/14 HPs)
             Began as a Demigod Wanderer on Aug 27, 2019.
             Slain by a jackal (3 damage)
             ... on level 1 of the Dungeon.
             The game lasted 00:01:58 (772 turns).

DrEnzyme the Charmwright (Demigod Wanderer)          Turns: 772, Time: 00:01:59

Health: 0/14       AC:  5    Str: 16    XL:     1   Next: 66%
Magic:  3/3        EV: 11    Int: 16    God:
Gold:   8          SH:  0    Dex: 14    Spells: 0/0 levels left

rFire    . . .     SeeInvis .   a - +0 club
rCold    . . .     Gourm    .   (no shield)
rNeg     . . .     Faith    .   d - +0 robe
rPois    .         Spirit   .   b - +2 helmet
rElec    .         Reflect  .   (no cloak)
rCorr    .         Harm     .   (no gloves)
MR       .....                  (no boots)
Stlth    +.........             (no amulet)
HPRegen  0.04/turn              (no ring)
MPRegen  0.08/turn              (no ring)

@: no status effects
A: high mp 1
a: no special abilities


You were on level 1 of the Dungeon.
You were not hungry.

You visited 1 branch of the dungeon, and saw 1 of its levels.

You collected 8 gold pieces.

Inventory:

Hand Weapons
 a - a +0 club (weapon)
Armour
 b - a +2 helmet (worn)
 d - a +0 robe (worn)
Comestibles
 f - a ration


   Skills:
 + Level 2.4 Throwing
   Level 4.5 Charms
   Level 2.6 Fire Magic


You couldn't memorise any spells.
You didn't know any spells.
Your spell library contained the following spells:

 Spells                   Type           Power        Failure   Level  Hunger
 Infusion                 Chrm           ##..         4%          1    ##.....
 Song of Slaying          Chrm           ##......     6%          2    ###....
 Flame Tongue             Conj/Fire      #....        14%         1    ##.....
 Shroud of Golubria       Chrm/Tloc      #.....       16%         2    ###....
 Freeze                   Ice            #...         26%         1    ##.....
 Ozocubu's Armour         Chrm/Ice       #.......     30%         3    ####...
 Regeneration             Chrm/Necr      #.........   30%         3    ####...
 Spectral Weapon          Hex/Chrm       #.......     30%         3    ####...
 Conjure Flame            Conj/Fire      #.......     41%         3    ####...


Dungeon Overview and Level Annotations

Branches:
Dungeon (1/15)


Innate Abilities, Weirdness & Mutations

You have an increased reservoir of magic. (+10% MP)


Message History

The jackal barely misses you.
You barely miss the jackal.
The jackal is heavily wounded.
The jackal bites you. The jackal closely misses you.
You hit the jackal but do no damage.
The jackal is heavily wounded.
The jackal bites you but does no damage.
The jackal bites you.
* * * LOW HITPOINT WARNING * * *
You closely miss the jackal.
The jackal is heavily wounded.
The jackal closely misses you. x2
The jackal bites you but does no damage.
You barely miss the jackal.
The jackal is heavily wounded.
The jackal barely misses you.
You hit the jackal.
The jackal is almost dead.
The jackal bites you.
You die...

..................(....
####........##.........
###........##.........
......................
...........#####..#...
....######...#####.#...
.... #...........#.# ..
#h###...###.# #
#@#.......#.#
#.#.⌠.#.⌠.#.#
#.....#.....#
#....###....#
####..#..####
#..'.....'..#
#<.###'###..#
#..#.....#..#
#############


You could see a jackal.

Vanquished Creatures
  A giant cockroach (D:1)
  A hobgoblin (D:1)
  3 jackals (D:1)
5 creatures vanquished.

Notes
Turn   | Place    | Note
-------+----------+-------------------------------------------
     0 | D:1      | DrEnzyme the Demigod Wanderer began the quest for the Orb.
     0 | D:1      | DrEnzyme set off with the following items: a +0 club, a +0
                  | robe, a ration; and the following spells available to
                  | memorise: Infusion, Song of Slaying, Flame Tongue, Shroud
                  | of Golubria, Freeze, Ozocubu's Armour, Regeneration,
                  | Spectral Weapon, Conjure Flame
     0 | D:1      | Reached XP level 1. HP: 14/14 MP: 3/3
   772 | D:1      | Slain by a jackal

Levels and vault maps discovered:
D:1:      dpeg_arrival_court, layout_basic

Skill      XL: |  1 |
---------------+----+-----
Throwing       | 2 |  2.4
Charms         | |  4.5
Fire Magic     | |  2.6

Action                   || total
-------------------------++-------
Melee: Club              ||    55
Armor: Robe              ||    21
Dodge: Dodged            ||    57

Table legend:
 A = Non-vault XP
 B = Vault XP
 C = Vault XP percentage of total XP
 D = Non-vault monster count
 E = Vault monster count
 F = Vault count percentage of total count
                 A         B        C        D         E       F
            +---------+---------+-------+---------+---------+-------
      Total |      10 |       0 |   0.0 |       5 |       0 |   0.0
            +---------+---------+-------+---------+---------+-------
        D:1 |      10 |       0 |   0.0 |       5 |       0 |   0.0
            +---------+---------+-------+---------+---------+-------
